 Dungeon Crawl Stone Soup version 0.21-a0-509-gecc5317 (webtiles) character file.

249 mortelune the Digger (level 6, -6/32 HPs)
             Began as a Gargoyle Earth Elementalist on Nov 30, 2017.
             Mangled by an ogre
             ... wielding a +0 giant club
              (11 damage)
             ... on level 3 of the Dungeon.
             The game lasted 00:12:43 (4859 turns).

mortelune the Digger (Gargoyle Earth Elementalist)  Turns: 4859, Time: 00:12:44

Health: -6/32      AC:  8    Str: 12    XL:     6   Next: 12%
Magic:  10/11      EV: 11    Int: 17    God:
Gold:   133        SH:  0    Dex: 10    Spells: 8/12 levels left

rFire    . . .     SeeInvis .   h - +0 war axe
rCold    . . .     Gourm    .   (no shield)
rNeg     + . .     Faith    .   g - +1 leather armour
rPois    ∞         Spirit   .   (no helmet)
rElec    +         Reflect  .   (no cloak)
rCorr    .         Harm     .   (no gloves)
MR       .....                  (no boots)
Stlth    ++........             (no amulet)
HPRegen  0.10/turn              (no ring)
MPRegen  0.12/turn              (no ring)

@: no status effects
A: negative energy resistance 1, electricity resistance, unbreathing,
petrification resistance, rot immunity, AC +4
a: no special abilities


You were on level 3 of the Dungeon.
You were hungry.

You visited 1 branch of the dungeon, and saw 4 of its levels.

You collected 133 gold pieces.

Inventory:

Hand Weapons
 a - a +0 spear
 h - a +0 war axe (weapon)
 s - a +0 flail
Missiles
 b - 70 stones (quivered)
Armour
 c - a +0 robe
 g - a +1 leather armour (worn)
Wands
 i - a wand of clouds (4)
Scrolls
 f - a scroll of remove curse {unknown}
 k - a scroll of magic mapping {unknown}
 l - a scroll of enchant armour
 p - a scroll of immolation {unknown}
 q - 2 scrolls of identify
 r - 2 scrolls of teleportation {unknown}
 t - a scroll of amnesia {unknown}
 v - a scroll of enchant weapon {unknown}
 w - a scroll of fog {unknown}
Potions
 j - 2 potions of curing
 o - 2 potions of mutation
 u - a potion of brilliance {unknown}
 x - a potion of agility {unknown}
Books
 e - a book of Geomancy

   Spells                             Type                      Level
   a - Sandblast                      Earth                        1
   b - Passwall                       Transmutation/Earth          2
   c - Stone Arrow                    Conjuration/Earth            3
   d - Petrify                        Transmutation/Earth          4
   e - Lee's Rapid Deconstruction     Earth                        5
Comestibles
 d - 2 bread rations
 m - a meat ration
 n - 2 fruits


   Skills:
 + Level 1.8 Armour
 - Level 1.5 Dodging
 - Level 2.1 Stealth
 + Level 3.8 Spellcasting
 + Level 1.9 Conjurations
   Level 0.7 Transmutations
 + Level 5.7 Earth Magic


You had 8 spell levels left.
You knew the following spells:

 Your Spells              Type           Power        Failure   Level  Hunger
a - Sandblast             Erth           ###...       1%          1    None
b - Stone Arrow           Conj/Erth      ###...       13%         3    ###....


Dungeon Overview and Level Annotations

Branches:
Dungeon (4/15)
 Temple: D:4-7

Altars:
Hepliaklqana
Ru
Xom

Annotations:
D:4 mortelune's ghost, amateur GrEE


Innate Abilities, Weirdness & Mutations

You are resistant to torment.
Your stone body is resilient. (AC +4)
You are immune to poison.
You resist negative energy. (rN+)
You are resistant to electric shocks. (rElec)
You can survive without breathing.
You are immune to petrification.
You are immune to rotting.


Message History

Aim: an ogre, wielding a giant club (almost dead)
The blast of sand hits the ogre.
You kill the ogre!
You have reached level 6!
Your experience leads to an increase in your attributes!
Increase (S)trength, (I)ntelligence, or (D)exterity?
You feel clever.
b - 70 stones The ogre hits you with a giant club!
* * * LOW HITPOINT WARNING * * *
There is a stone staircase leading up here.
Found a short sword.
You are feeling hungry.
The ogre barely misses you.
There is a stone staircase leading up here.
You climb upwards.
There is a stone staircase leading down here.
There is an open door here.
The ogre hits you with a giant club!
You die...

#........#####'#..# #.# #......
#........##.......###.###......
#........##.......'.._###.##'##
#.................###.###.##.##
######............# #.# #.##.##
#............###+###.##.##
#..(.................##.##
#........O...##########.##
#........@...# #.##
#########'#### #... #.# ####
#.################
#.................
##################


You could see an ogre.

Vanquished Creatures
  An ogre (D:4)
  2 hounds
  An iguana (D:4)
  2 adders
  An ooze (D:4)
  3 worms
  3 orcs (D:3)
  7 bats
  4 giant cockroaches
  9 hobgoblins
  2 kobolds (D:3)
  A quokka (D:4)
  A ball python (D:1)
  4 frilled lizards
  6 goblins
  11 rats
58 creatures vanquished.

Notes
Turn   | Place    | Note
-------+----------+-------------------------------------------
     0 | D:1      | mortelune the Gargoyle Earth Elementalist began the quest for the Orb.
     0 | D:1      | Reached XP level 1. HP: 10/10 MP: 3/3
   335 | D:1      | Reached XP level 2. HP: 15/15 MP: 5/5
   642 | D:1      | Reached skill level 4 in Earth Magic
  1501 | D:2      | Reached XP level 3. HP: 14/19 MP: 6/6
  1506 | D:2      | Learned a level 3 spell: Stone Arrow
  2834 | D:3      | Found a hazy altar of Hepliaklqana.
  2919 | D:3      | Found a shimmering altar of Xom.
  3131 | D:3      | Reached XP level 4. HP: 14/24 MP: 3/8
  3433 | D:3      | Reached skill level 5 in Earth Magic
  3900 | D:3      | Found a sacrificial altar of Ru.
  4026 | D:4      | Reached XP level 5. HP: 14/28 MP: 3/10
  4435 | D:4      | Noticed mortelune's ghost (amateur GrEE)
  4437 | D:4      | Reached skill level 1 in Armour
  4437 | D:4      | Reached skill level 1 in Conjurations
  4820 | D:4      | Noticed an ogre
  4821 | D:4      | Noticed an ogre
  4827 | D:4      | Killed an ogre
  4827 | D:4      | Reached XP level 6. HP: 16/32 MP: 6/11
  4859 | D:3      | Mangled by an ogre

Vault maps used:
D:1:      dpeg_arrival_arbitrary_a
D:2:      minmay_misc_feat_pillars
D:3:      lemuel_doored_altar, lemuel_crystal_altar, nicolae_ru_path_of_blood
D:4:      kennysheep_little_box, lemuel_round_altar, vehumet_altar_wand_db,
          first_bread, serial_bayou_ford_a, minmay_guarded_unrand_vampires_tooth

Skill      XL: |  1  2  3  4  5 |
---------------+----------------+-----
Earth Magic    | 4 5 |  5.7
Spellcasting   | 3 |  3.8
Armour         | 1 |  1.8
Conjurations   | 1 |  1.9
Dodging        | |  1.5
Stealth        | |  2.1
Transmutations | |  0.7

Action                   |  1- 3 |  4- 6 || total
-------------------------+-------+-------++-------
Melee: Spear             |    44 |       ||    44
       War axe           |    48 |    60 ||   108
 Cast: Sandblast         |    26 |    44 ||    70
  Use: Scroll            |     3 |       ||     3
       Potion            |       |     2 ||     2
 Stab: Sleeping          |     3 |       ||     3
  Eat: Chunk             |     7 |     3 ||    10
       Royal jelly       |       |     1 ||     1
Armor: Robe              |     5 |       ||     5
       Leather armour    |    27 |    76 ||   103
Dodge: Dodged            |    49 |    72 ||   121

Table legend:
 A = Spawn XP
 B = Non-spawn XP
 C = Spawn XP percentage of total XP
 D = Spawn monster count
 E = Non-spawn monster count
 F = Spawn count percentage of total count
 G = Total turns spent on level
                    A         B        C        D         E        F      G
               +---------+---------+-------+---------+---------+-------+---------
         Total |       0 |     357 |   0.0 |       0 |      58 |   0.0 |  4859
               +---------+---------+-------+---------+---------+-------+---------
           D:1 |       0 |      25 |   0.0 |       0 |      18 |   0.0 |  1429
           D:2 |       0 |      26 |   0.0 |       0 |      14 |   0.0 |  1380
           D:3 |       0 |      92 |   0.0 |       0 |      19 |   0.0 |  1409
           D:4 |       0 |     214 |   0.0 |       0 |       7 |   0.0 |   641
               +---------+---------+-------+---------+---------+-------+---------
